AoeStats
← Matx108

Arena

510242727Analyzed
3v3 RM · 2d ago on Sep 30, 2026· 57m 36s· 6 players
Game mode
Random Map
Map size
Normal (6 player)
Population
200
Speed
Normal
Resources
Standard
Victory
Conquest
Starting age
Dark Age
Ending age
Imperial Age
RankedLock teamsTeams togetherTeam positionsShared explorationLock speedFull tech treeHidden civsTurbo modeCheats
Victory
Defeat
🇹🇷 Cumans · Türkiye
761
+11
🇭🇰 Varangians · Hong Kong SAR China
693
+14
🇹🇼 Sicilians · Taiwan
669
+15
🇨🇱 Inca · Chile
693
-15
🇨🇱 Teutons · Chile
643
-13
🇨🇱 Italians · Chile
608
-12
瀧注洄洮
10:20 Feudal Age
11:03 Horse Collar
11:09 Double-Bit Axe
19:59 Castle Age
21:08 Forging
21:13 Heavy Plow
21:23 Bow Saw
21:08 Stone Mining
21:08 Gold Mining
24:08 Iron Casting
28:48 Wheelbarrow
27:59 Loom
28:00 Town Watch
31:44 Ballistics
31:21 Murder Holes
31:37 Masonry
32:01 Squires
31:47 Gambesons
31:47 Arson
33:58 Scale Mail Armor
33:49 Fletching
36:49 Imperial Age
35:58 Caravan
37:02 Heavy Scorpion
37:37 Arrowslits
39:13 First Crusade
41:20 Chemistry
42:42 Bodkin Arrow
43:03 Chain Mail Armor
43:49 Blast Furnace
44:02 Crop Rotation
43:28 Elite Serjeant
46:12 Stone Shaft Mining
46:13 Gold Shaft Mining
51:37 Pikeman
54:03 Halberdier
fahre
10:34 Feudal Age
12:27 Double-Bit Axe
12:54 Horse Collar
13:28 Scale Barding Armor
17:59 Man-at-Arms
21:31 Loom
22:26 Wheelbarrow
21:37 Town Watch
22:04 Forging
22:28 Bloodlines
27:49 Castle Age
26:59 Scale Mail Armor
27:56 Long Swordsman
29:36 Iron Casting
29:17 Chain Mail Armor
29:04 Padded Archer Armor
28:54 Fletching
32:01 Thumb Ring
32:16 Leather Archer Armor
35:51 Pikeman
36:32 Squires
39:51 Chain Barding Armor
39:27 Bodkin Arrow
39:45 Town Patrol
40:00 Hand Cart
39:57 Bow Saw
39:50 Heavy Plow
41:07 Steppe Husbandry
43:55 Imperial Age
41:46 Murder Holes
42:16 Ballistics
45:03 Guilds
46:06 Parthian Tactics
45:25 Heavy Cavalry Archer
45:28 Elite Kipchak
47:35 Cuman Mercenaries
49:16 Ring Archer Armor
49:47 Blast Furnace
49:18 Plate Mail Armor
53:09 Chemistry
51:46 Elite Steppe Lancer
55:47 Fervor
老歪
0:28 Loom
10:39 Feudal Age
14:54 Castle Age
16:17 Double-Bit Axe
17:18 Bow Saw
19:31 Horse Collar
23:07 Heavy Plow
23:52 Gold Mining
25:05 Stone Mining
27:19 Wheelbarrow
28:41 Hand Cart
33:33 Imperial Age
31:19 Forging
31:09 Scale Mail Armor
31:31 Caravan
31:45 Squires
31:31 Gambesons
31:32 Arson
33:22 Iron Casting
33:03 Chain Mail Armor
32:58 Scale Barding Armor
35:59 Blast Furnace
35:29 Plate Mail Armor
34:23 Elite Varangian Guard
35:33 Conscription
35:53 Elite Skirmisher
36:21 Treadmill Crane
37:02 Ballistics
37:43 Chemistry
36:49 Siege Engineers
36:39 Murder Holes
37:23 Gothikon
37:58 Fletching
39:08 Pikeman
41:03 Bodkin Arrow
41:08 Padded Archer Armor
41:23 Halberdier
52:23 Bracer
52:39 Leather Archer Armor
52:45 Chain Barding Armor
Rigby
7:46 Loom
11:35 Feudal Age
14:07 Double-Bit Axe
17:22 Castle Age
16:38 Forging
16:28 Horse Collar
17:57 Scale Mail Armor
20:18 Heavy Plow
20:35 Bow Saw
21:06 Town Watch
21:43 Padded Archer Armor
22:23 Caravan
25:02 Gold Mining
25:55 Stone Mining
30:30 Stone Shaft Mining
31:28 Wheelbarrow
30:54 Town Patrol
30:44 Champi Runner
35:35 Imperial Age
33:57 Hand Cart
34:23 Stone Shaft Mining
34:25 Gold Shaft Mining
36:15 Iron Casting
35:57 Chain Mail Armor
35:57 Leather Archer Armor
35:33 Fletching
35:24 Champi Warrior
36:47 Crop Rotation
38:31 Blast Furnace
37:33 Treadmill Crane
39:20 Hoardings
39:33 Masonry
39:02 Elite Kamayuk
40:52 Plate Mail Armor
46:10 Ballistics
46:51 Chemistry
45:19 Elite Champi Warrior
45:20 Pikeman
46:00 Squires
45:45 Arson
49:03 Bodkin Arrow
54:47 Pikeman
55:40 Arrowslits
Le_HollowSette
7:07 Loom
9:16 Feudal Age
9:52 Double-Bit Axe
9:53 Horse Collar
10:49 Gold Mining
19:39 Castle Age
18:05 Stone Mining
18:42 Fletching
19:56 Padded Archer Armor
22:07 Bow Saw
23:58 Wheelbarrow
24:48 Bodkin Arrow
26:10 Ballistics
25:34 Treadmill Crane
26:15 Ballistics
26:01 Heavy Plow
26:10 Crossbowman
27:54 Hand Cart
30:02 Thumb Ring
30:14 Leather Archer Armor
31:12 Stone Shaft Mining
33:31 Imperial Age
32:16 Stone Shaft Mining
32:30 Leather Archer Armor
34:36 Thumb Ring
34:34 Bracer
36:22 Ring Archer Armor
37:19 Chemistry
37:57 Two-Man Saw
37:31 Crop Rotation
37:31 Elite Genoese Crossbowman
38:58 Fortified Wall
39:27 Masonry
39:10 Elite Skirmisher
42:20 Pirotechnia
Matx108
7:10 Loom
9:27 Feudal Age
10:38 Double-Bit Axe
10:39 Horse Collar
12:47 Gold Mining
17:21 Castle Age
18:29 Heavy Plow
18:36 Man-at-Arms
19:24 Long Swordsman
31:26 Imperial Age
31:20 Arson
32:47 Crenellations
34:07 Elite Teutonic Knight
39:06 Siege Engineers
38:40 Cavalier
40:16 Wheelbarrow
41:16 Forging
41:06 Scale Mail Armor
41:35 Scale Barding Armor
42:08 Fortified Wall
43:15 Chain Barding Armor
46:39 Chemistry
Connection lost

Rejoining the realm…

Still unreachable

The connection could not be restored.

Session expired

The server has moved on; the page needs a fresh start.